 Dungeon Crawl Stone Soup version 0.25.1-2-g60ff931df9 (webtiles) character file.

Game seed: 2234356064862154172

256 Elvor the Covered (level 5, 0/47 HPs)
             Began as a Minotaur Fighter on Aug 26, 2020.
             Killed from afar by an orc wizard (6 damage)
             ... with a magic dart
             ... on level 4 of the Dungeon.
             The game lasted 00:20:51 (2356 turns).

Elvor the Covered (Minotaur Fighter)                Turns: 2356, Time: 00:20:52

Health: 0/47       AC:  7    Str: 21    XL:     5   Next: 92%
Magic:  0/4        EV:  8    Int:  5    God:
Gold:   138        SH:  9    Dex: 10    Spells: 4/4 levels left

rFire    . . .     SeeInvis .   a - +0 flail
rCold    . . .     Gourm    .   c - +0 kite shield
rNeg     . . .     Faith    .   b - +0 scale mail
rPois    .         Spirit   +   (helmet restricted)
rElec    .         Reflect  .   (no cloak)
rCorr    .         Harm     .   (no gloves)
MR       +....                  (no boots)
Stlth    ..........             o - amulet of guardian spirit
HPRegen  0.15/turn              i - ring of attention (curse)
MPRegen  0.09/turn              w - ring of protection from magic

@: no status effects
A: retaliatory headbutt, horns 2
a: no special abilities


You were on level 4 of the Dungeon.
You were not hungry.

You visited 1 branch of the dungeon, and saw 4 of its levels.

You collected 138 gold pieces.

Inventory:

Hand Weapons
 a - a +0 flail (weapon)
Missiles
 n - 2 boomerangs (quivered)
 r - 2 poisoned darts
Armour
 b - a +0 scale mail (worn)
 c - a +0 kite shield (worn)
Jewellery
 i - a cursed ring of attention (left hand)
 o - an amulet of guardian spirit (around neck)
 p - an uncursed ring of wizardry
 w - a ring of protection from magic (right hand)
Wands
 v - a wand of paralysis (7)
Scrolls
 g - a scroll of fear {unknown}
 k - a scroll of magic mapping {unknown}
 l - 7 scrolls of remove curse
 m - a scroll of enchant weapon {unknown}
 t - a scroll of random uselessness {unknown}
 u - a scroll of teleportation {unknown}
Potions
 d - a potion of might
 e - 3 potions of heal wounds
 h - 3 potions of brilliance
 j - a potion of haste
 q - 2 potions of curing
 s - 3 potions of degeneration
 z - a potion of berserk rage
Comestibles
 f - 6 rations


   Skills:
 * Level 4.9 Fighting
 + Level 4.4 Maces & Flails
 + Level 5.0 Armour
 + Level 1.5 Dodging
 + Level 0.2 Stealth
 + Level 4.6 Shields


You had 4 spell levels left.
You didn't know any spells.
Your spell library was empty.

Dungeon Overview and Level Annotations

Branches:
Dungeon (4/15)
 Temple: D:4-7

Altars:
Hepliaklqana
Zin

Shops:
D:3 *


Innate Abilities, Weirdness & Mutations

You reflexively headbutt those who attack you in melee.
You have a pair of horns on your head.


Message History

* * * LOW HITPOINT WARNING * * *
You miss something. Something hits you.
* * * LOW HITPOINT WARNING * * *
You feel much better.
You hear some strange, mumbled words.
Something tries to affect you, but you resist.
You miss something.
You hear some strange, mumbled words.
A magic dart appears from out of thin air!
The magic dart hits you!
You miss something. Something hits you but does no damage.
You barely miss something. Your headbutt misses something.
You hear some strange, mumbled words.
A puff of flame appears from out of thin air!
The puff of flame hits you!
* * * LOW HITPOINT WARNING * * *
You hear some strange, mumbled words.
A magic dart appears from out of thin air!
The magic dart hits you!
You die...

#..........................
#.#####################....
#.# #.... #.# ##'## #.#
##.## #.# #....
#.########### .......##
#.)........†######.......#
#.......(.@)..............
##.########{##..##.......#
#.# .# ......... #.# #.
..#....## #.# .# ..... #.#
.# #.# . .


There were no monsters in sight!

Vanquished Creatures
  An ogre (D:4)
  A hound (D:2)
  An orc priest (D:4)
  2 adders (D:4)
  An ooze (D:3)
  2 worms (D:3)
  2 dart slugs
  3 leopard geckos (D:1)
  5 orcs (D:4)
  2 giant cockroaches
  6 goblins
  5 hobgoblins
  12 jackals
  A quokka (D:2)
  2 ball pythons
  9 bats
  3 frilled lizards
  7 kobolds
  9 rats
74 creatures vanquished.

Notes
Turn   | Place    | Note
-------+----------+-------------------------------------------
     0 | D:1      | Elvor the Minotaur Fighter began the quest for the Orb.
     0 | D:1      | Reached XP level 1. HP: 19/19 MP: 0/0
   158 | D:1      | Reached XP level 2. HP: 27/27 MP: 1/1
   186 | D:1      | Reached skill level 4 in Armour
   508 | D:1      | Reached XP level 3. HP: 33/33 MP: 2/2
   857 | D:2      | Reached skill level 1 in Dodging
  1143 | D:2      | Reached XP level 4. HP: 40/40 MP: 3/3
  1597 | D:3      | Found Zin's Purification Station.
  1601 | D:3      | Found a glowing silver altar of Zin.
  2149 | D:3      | Found a hazy altar of Hepliaklqana.
  2240 | D:4      | Noticed an ogre
  2250 | D:4      | Killed an ogre
  2250 | D:4      | Reached XP level 5. HP: 31/47 MP: 2/4
  2346 | D:4      | Reached skill level 5 in Armour
  2352 | D:4      | HP: 2/47 [something (1)]
  2356 | D:4      | Killed from afar by an orc wizard

Illustrated notes

Levels and vault maps discovered:
D:1:      sevenhm_arrival_forest_fort_large_4, layout_basic,
          kennysheep_crisscross
D:2:      layout_basic
D:3:      layout_loops_ring, zin_purify, lemuel_crystal_altar,
          chequers_mini_garden
D:4:      layout_basic, lemuel_doored_altar, minmay_temple_entry_mini_moons,
          st_stairs_3

Skill      XL: |  1  2  3  4  5 |
---------------+----------------+-----
Armour         | 4 5 |  5.0
Shields        | 4 |  4.6
Fighting       | 4 |  4.9
Maces & Flails | 3 4 |  4.4
Dodging        | 1 |  1.5
Stealth        | |  0.2

Action                   |  1- 3 |  4- 6 || total
-------------------------+-------+-------++-------
Melee: Flail             |   107 |    77 ||   184
       Headbutt          |    13 |    15 ||    28
  Use: Scroll            |       |     7 ||     7
       Potion            |       |     1 ||     1
  Eat: Chunk             |     1 |       ||     1
       Ration            |       |     1 ||     1
Armor: Scale mail        |    43 |    33 ||    76
Dodge: Dodged            |    31 |    35 ||    66
Block: Kite shield       |    63 |    34 ||    97
